 Dungeon Crawl Stone Soup version 0.30-a0-137-gd8773701ce (webtiles) character file.

Game seed: 13747833879353313785

286702 jlumianski the Severer (level 20, -4/131 HPs)
             Began as a Gargoyle Gladiator on Sept 22, 2022.
             Was the Champion of Qazlal.
             Killed from afar by a deep elf annihilator (36 damage)
             ... with a crystal spear
             ... on level 3 of the Elven Halls on Sept 24, 2022.
             The game lasted 03:50:45 (42768 turns).

jlumianski the Severer (Gargoyle Gladiator)        Turns: 42768, Time: 03:50:46

Health: -4/131     AC: 57    Str: 30 (32) XL:     20   Next: 64%
Magic:  27/31      EV: 10    Int:  8 (10) God:    Qazlal [******]
Gold:   1156       SH: 25    Dex: 11      Spells: 19/19 levels left

rFire   . . .      SeeInvis .    h - +7 broad axe (vorpal)
rCold   + . .      Faith    .    J - +4 kite shield {AC+3}
rNeg    + . .      Spirit   .    N - +4 plate armour "Tyifo" {Slay+6}
rPois   ∞          Reflect  .    c - +2 helmet
rElec   +          Harm     .    H - +2 cloak {rC+}
rCorr   .          Rampage  .    G - +2 pair of gloves
Will    +....                    r - +2 pair of boots
Stlth   ..........               I - amulet of regeneration
HPRegen 1.11/turn                p - +4 ring of slaying
MPRegen 0.22/turn                V - +6 ring of strength

@: protected from physical damage, flying, studying Axes, repel missiles
A: sickness immunity, AC +15, big wings, negative energy resistance 1,
electricity resistance, torment resistance 1, petrification resistance,
deterioration 1, subdued magic 1
}: 2/15 runes: decaying, serpentine
a: Renounce Religion, Upheaval, Elemental Force, Disaster Area


You were on level 3 of the Elven Halls.
You worshipped Qazlal.
Qazlal was exalted by your worship.
You visited 7 branches of the dungeon, and saw 34 of its levels.
You visited the Abyss 2 times.
You also visited: Ice Cave.

You collected 3942 gold pieces.
You spent 2786 gold pieces at shops.

Inventory:

Hand Weapons
 h - a +7 vorpal broad axe (weapon)
 P - a +5 eveningstar of freezing
 S - a +4 scimitar of flaming
Missiles
 d - 4 throwing nets
 k - 11 atropa-tipped darts
 m - 34 boomerangs (quivered)
 T - 12 javelins
Armour
 c - a +2 helmet (worn)
 r - a +2 pair of boots (worn)
 G - a +2 pair of gloves (worn)
 H - a +2 cloak of cold resistance (worn)
 J - a +4 kite shield of protection (worn)
 N - the +4 plate armour "Tyifo" (worn) {Slay+6}
   (You found it on level 13 of the Dungeon)

   Slay:      It affects your accuracy & damage with ranged weapons and melee
   (+6).
Jewellery
 g - a ring of fire
 n - a ring of ice
 p - a +4 ring of slaying (left hand)
 C - a ring of protection from fire
 I - an amulet of regeneration (around neck)
 L - a ring of see invisible
 M - a ring of protection from fire
 V - a +6 ring of strength (right hand)
Wands
 o - a wand of flame (5)
 y - a wand of quicksilver (11)
 z - a wand of roots (31)
 E - a wand of digging (22)
 U - a wand of mindburst (20)
 X - a wand of charming (3)
Scrolls
 b - 3 scrolls of fear
 f - a scroll of amnesia
 j - 16 scrolls of teleportation
 l - a scroll of enchant weapon
 q - 6 scrolls of butterflies
 s - 21 scrolls of identify
 v - a scroll of silence
 D - a scroll of brand weapon
 K - 5 scrolls of magic mapping
 Q - a scroll of enchant armour
 W - 4 scrolls of blinking
Potions
 a - 2 potions of mutation
 e - a potion of magic
 i - 2 potions of resistance
 t - 4 potions of might
 u - 3 potions of cancellation
 w - a potion of brilliance
 x - 8 potions of curing
 A - 4 potions of invisibility
 B - 7 potions of heal wounds
 F - a potion of haste
 R - 2 potions of berserk rage
Miscellaneous
 O - a phantom mirror


   Skills:
 + Level 15.6 Fighting
 + Level 3.1 Long Blades
 - Level 18.0 Axes
 + Level 4.3 Throwing
 * Level 15.6 Armour
 * Level 7.9 Dodging
 + Level 2.6 Stealth
 + Level 15.1 Shields
 * Level 14.8 Invocations
 * Level 12.8 Evocations


You had 19 spell levels left.
You didn't know any spells.
Your spell library contained the following spells:

 Spells                   Type           Power      Damage    Failure   Level
 Necrotise                Necr           0%         1d4       98%         1
 Sandblast                Erth           0%         2d4       98%         1
 Slow                     Hex            0%         N/A       98%         1
 Sting                    Tmut/Pois      0%         1d3       98%         1
 Blink                    Tloc           0%         N/A       99%         2
 Ensorcelled Hibernation  Hex/Ice        0%         N/A       99%         2
 Passwall                 Tmut/Erth      0%         N/A       99%         2
 Poisonous Vapours        Pois/Air       0%         N/A       99%         2
 Static Discharge         Conj/Air       0%         2-2/arc   99%         2
 Confusing Touch          Hex            0%         N/A       100%        3
 Spider Form              Tmut/Pois      0%         N/A       100%        3
 Stone Arrow              Conj/Erth      0%         3d7       100%        3
 Swiftness                Air            0%         N/A       100%        3
 Vampiric Draining        Necr           0%         2d6       100%        3
 Anguish                  Hex/Necr       0%         N/A       100%        4
 Animate Dead             Necr           0%         N/A       100%        4
 Cause Fear               Hex            0%         N/A       100%        4
 Hailstorm                Conj/Ice       0%         3d3       100%        4
 Ice Form                 Ice/Tmut       0%         N/A       100%        4
 Manifold Assault         Tloc           0%         N/A       100%        4
 Olgreb's Toxic Radiance  Pois           0%         N/A       100%        4
 Summon Ice Beast         Ice/Summ       0%         N/A       100%        4
 Agony                    Necr           0%         N/A       100%        5
 Arcjolt                  Conj/Air       0%         1d10      100%        5
 Borgnjor's Vile Clutch   Necr/Erth      0%         N/A       100%        5
 Lightning Bolt           Conj/Air       0%         1d11      100%        5
 Summon Forest            Summ/Tloc      0%         N/A       100%        5
 Summon Mana Viper        Hex/Summ       0%         N/A       100%        5
 Death Channel            Necr           0%         N/A       100%        6
 Simulacrum               Ice/Necr       0%         N/A       100%        6
 Summon Cactus Giant      Summ           0%         N/A       100%        6
 Monstrous Menagerie      Summ           0%         N/A       100%        7
 Storm Form               Tmut/Air       0%         N/A       100%        7
 Borgnjor's Revivificati  Necr           0%         N/A       100%        8
 Maxwell's Capacitive Co  Air            0%         ∞         100%        8
 Necromutation            Tmut/Necr      0%         N/A       100%        8
 Death's Door             Necr           0%         N/A       100%        9


Dungeon Overview and Level Annotations

Branches:
Dungeon (15/15)            Temple (1/1) D:7            Lair (5/5) D:10
  Swamp (4/4) Lair:3        Snake (4/4) Lair:3        Slime (0/5) Lair:4
    Orc (2/2) D:10            Elf (3/3) Orc:2        Vaults (0/5) D:13
 Depths (0/4) D:15          IceCv (visited)

Altars:
Ashenzari
Cheibriados
Dithmenos
Elyvilon
Fedhas
Gozag
Hepliaklqana
Kikubaaqudgha
Makhleb
Nemelex Xobeh
Okawaru
Qazlal
Ru
Sif Muna
Trog
Uskayaw
Vehumet
Wu Jian
Xom
Yredelemnul
Zin
The Shining One
Jiyva
Lugonu

Shops:
D:2 !   D:3 :   D:5 [![   D:8 *   D:12 ?   D:13 ??   Orc:2 [??!   Snake:1 ?=[
Snake:4 =::

Portals:
Abyss: Lair:5


Innate Abilities, Weirdness & Mutations

You are immune to sickness and miasma.
Your stone body is resilient. (AC +15)
You are immune to poison.
Your large and strong wings let you fly.
You resist negative energy. (rN+)
You are resistant to electric shocks. (rElec)
You are resistant to unholy torment.
You are immune to petrification.
Your body sometimes deteriorates upon taking damage.
Your spells are a little easier to cast, but a little less powerful.


Message History

Your connection to magic feels less subdued.
Okay, then.
Unknown command.
You slice the deep elf annihilator!!
The deep elf annihilator is almost dead.
You hit the deep elf annihilator.
You barely miss the deep elf elementalist.
The deep elf annihilator hits you but does no damage.
The deep elf annihilator is engulfed in blazing flames.
You kill the deep elf annihilator!
Qazlal accepts your kill.
The deep elf elementalist casts a spell.
The deep elf elementalist seems to speed up.
You feel the corruption within you wane completely.
Your connection to magic feels less subdued.
You hit the deep elf elementalist.
The deep elf elementalist is lightly wounded.
You barely miss the deep elf annihilator.
Your air elemental hits the deep elf elementalist.
You block the deep elf elementalist's attack.
The deep elf annihilator points at you and mumbles some strange words.
The bolt of lightning hits you. You resist.
* * * LOW HITPOINT WARNING * * *
Your air elemental hits the deep elf elementalist!
You closely miss the deep elf elementalist.
The deep elf elementalist is moderately wounded.
You slash the deep elf annihilator!
Your air elemental fires a burst of electricity at the deep elf elementalist.
The stunning burst hits the deep elf elementalist!!
The deep elf elementalist is paralysed.
Your air elemental hits the deep elf elementalist!
The helpless deep elf elementalist fails to defend itself.
You cut the deep elf elementalist into ribbons!!!!
You kill the deep elf elementalist!
Qazlal accepts your kill.
You closely miss the deep elf annihilator.
The deep elf annihilator casts a spell at you.
The crystal spear hits you!!!
You feel more protected from physical attacks.
You die...

#.# ###++######## ##... #.#
#......#....## #+## #.#
#............## #.#. #.#
#.............####.#. ###.#
#..............'...#.
#...####..............##.['.
#......'.☼☼.○☼........#####.
#..#####...e...#.....## #.
##''#####..○@E..##...## ###.
##.......#..)§)..####'# ##.##
##...........°.)..'....# #....
##.......).........####.# #....
#.............[..[## #.####....
#..................####....'....
##..........[<.[...'.......'....
##.....)........<.'....####....
##..............####### ##...


You could see a deep elf annihilator (ally target) and a friendly air elemental
(summoned).

Vanquished Creatures
  Mara (Swamp:3)
  A tentacled monstrosity (Swamp:4)
  3 deep elf blademasters
  A deep elf master archer (Elf:3)
  Frances (Snake:1)
  Kirke (D:12)
  5 tentacled starspawn
  5 nagarajas (Snake:4)
  A fenstrider witch (Swamp:3)
  Donald (Swamp:3)
  Aizul (Snake:1)
  2 deep elf sorcerers
  3 very ugly things
  A deep elf elementalist (Elf:3)
  An orc warlord (D:13)
  4 reapers
  Nessos (Lair:4)
  A stone giant (D:15)
  A deep elf demonologist (Elf:3)
  2 deep elf annihilators (Elf:3)
  Azrael (D:15)
  4 eleionomae
  A minotaur (D:12)
  A deep elf death mage (Elf:3)
  4 bunyips
  2 green deaths (Swamp:4)
  The ghost of SigmundSlayer the Carver, a journeyman DsGl of Cheibriados (D:12)
  Snorg (D:12)
  A deep elf high priest (Elf:3)
  Josephine (D:12)
  A blizzard demon (Abyss:2)
  A jiangshi (Abyss:3)
  2 ogre magi
  Erolcha (Orc:2)
  A caustic shrike simulacrum (IceCv)
  18 hydras
  2 salamander tyrants (Snake:4)
  2 catoblepae
  3 centaur warriors
  7 anacondas
  13 alligators
  4 boulder beetles
  31 dancing weapons
  8 tengu warriors
  The ghost of SigmundSlayer the Myrmidon, a journeyman DsIE of Okawaru (D:12)
  12 two-headed ogres
  6 naga warriors
  4 hell hogs (Abyss:3)
  2 orc high priests (Orc:2)
  A vampire mage (Abyss:3)
  7 thrashing horrors
  8 shock serpents
  Urug (Lair:4)
  2 naga sharpshooters
  Sonja (Lair:4)
  3 wretched stars
  9 deep elf knights
  5 skeletal warriors
  3 sea snakes (Snake:2)
  Lodul (D:10)
  5 goliath frogs
  5 salamander mystics
  A sixfirhy (Abyss:2)
  8 spriggan druids
  A flayed ghost (Abyss:3)
  7 swamp dragons
  A spriggan simulacrum (IceCv)
  11 deep elf archers
  2 obsidian statues (IceCv)
  7 naga ritualists
  2 wizards
  14 bog bodies
  6 orc knights
  26 ugly things
  A lindwurm (Lair:5)
  8 mana vipers
  20 deep elf pyromancers
  24 deep elf zephyrmancers
  5 orc sorcerers
  4 manticores
  5 cyclopes
  16 salamanders
  4 will-o-the-wisps
  4 guardian serpents
  12 naga magi
  Joseph (D:10)
  An apocalypse crab (Abyss:2)
  2 orange demons (Swamp:3)
  25 black mambas
  3 smoke demons
  2 gargoyles (D:12)
  2 unseen horrors
  2 rime drakes
  11 cane toads
  3 efreet
  10 komodo dragons
  A demonic crawler (Abyss:2)
  2 kobold demonologists
  9 freezing wraiths
  4 tengu conjurers
  3 anaconda simulacra
  2 ancient zymes
  3 golden dragon simulacra (IceCv)
  4 hellwings
  A queen bee (D:12)
  6 trolls
  A meliai (D:12)
  2 bloated husks (Swamp:2)
  A harpy zombie (Abyss:3)
  8 hornets
  10 tyrant leeches
  6 raiju
  A raiju (shapeshifter) (Elf:3)
  2 dream sheep (Lair:5)
  25 slime creatures
  16 blink frogs (Lair:5)
  A jumping spider (shapeshifter) (D:15)
  An air elemental (Elf:1)
  10 spriggans
  15 starcursed masses
  5 vampires
  A water elemental (Elf:1)
  5 wyverns
  9 wraiths
  4 hogs (D:12)
  3 ynoxinuls
  6 shadows
  14 large abominations
  55 yaks
  10 basilisks
  A human (shapeshifter) (D:14)
  3 steam dragons
  6 chaos spawn
  2 neqoxecs
  4 fire elementals
  9 vampire mosquitoes
  A minotaur simulacrum (IceCv)
  7 wargs
  Edmund (D:6)
  An acid dragon (D:10)
  15 swamp worms
  43 nagas
  4 hell hounds
  15 water moccasins
  6 hydra simulacra (IceCv)
  29 orc warriors
  3 ice beasts
  A sky beast (D:7)
  A black bear (D:6)
  A boggart (D:12)
  10 centaurs
  An ettin simulacrum (IceCv)
  18 ogres
  6 wolves
  2 phantoms
  4 kobold brigands
  8 bullfrogs
  4 gnoll sergeants
  15 small abominations
  2 earth elementals
  A necrophage (D:5)
  4 scorpions
  11 wights
  20 killer bees
  A vampire bat (Orc:1)
  6 howler monkeys
  5 electric eels
  A quasit (Abyss:2)
  6 jellies
  24 orc priests
  4 hounds
  An iguana (D:5)
  29 orc wizards
  4 hell rats (Lair:1)
  10 gnolls
  8 adders
  2 white imps
  6 ufetubi
  3 worms
  5 dart slugs
  59 orcs
  13 bats
  10 endoplasms
  3 giant cockroaches
  7 goblins
  7 hobgoblins
  2 jackals (D:1)
  A quokka (D:4)
  7 ball pythons
  3 frilled lizards
  24 kobolds
  6 rats
  A butterfly (Lair:2)
  4 starspawn tentacles (Abyss:3)
1242 creatures vanquished.

Vanquished Creatures (collateral kills)
  A bone dragon (Abyss:3)
  3 dancing weapons (Elf:2)
  2 orc high priests (Orc:2)
  A large abomination (Abyss:3)
  2 deep elf knights (Elf:2)
  A skeletal warrior (D:11)
  A deep elf zephyrmancer (Elf:3)
  A mana viper (Snake:4)
  An orc knight (Orc:2)
  2 salamanders (Snake:3)
  A will-o-the-wisp (Swamp:3)
  3 black mambas (Snake:4)
  A hornet (Swamp:1)
  3 dream sheep (Lair:5)
  A blink frog (Lair:5)
  A warg (Orc:2)
  An orc warrior (Orc:2)
  A lindwurm simulacrum (IceCv)
  2 starcursed masses (Abyss:3)
  An orc (Orc:2)
30 creatures vanquished.

Vanquished Creatures (others)
  A deep elf knight (Elf:3)
  A wizard (D:14)
  2 deep elf zephyrmancers
  A bloated husk (Swamp:1)
  A human (D:13)
  A water elemental (Elf:3)
  A fire elemental (Elf:3)
  An orc wizard (Orc:2)
  An orc (Orc:1)
  A kobold (D:7)
  A bush (Snake:4)
  40 foxfires
  8 fungi
  67 plants
  10 starspawn tentacles
137 creatures vanquished.

Grand Total: 1409 creatures vanquished

Notes
Turn   | Place    | Note
-------+----------+-------------------------------------------
     0 | D:1      | jlumianski the Gargoyle Gladiator began the quest for the
                  | Orb.
     0 | D:1      | Reached XP level 1. HP: 12/12 MP: 1/1
   116 | D:1      | Reached XP level 2. HP: 11/17 MP: 2/2
   437 | D:1      | Reached skill level 3 in Axes
   622 | D:2      | Reached XP level 3. HP: 7/21 MP: 3/3
  1422 | D:2      | Found Wugataonk's Distillery.
  1428 | D:2      | Reached skill level 1 in Armour
  1428 | D:2      | Reached XP level 4. HP: 21/27 MP: 2/4
  1439 | D:2      | Bought a potion of might for 48 gold pieces
  1634 | D:2      | Found an opulent altar of Gozag.
  1837 | D:3      | Found Jeyhix's Vocational Training.
  1884 | D:2      | Reached XP level 5. HP: 31/31 MP: 5/5
  1965 | D:2      | You fall into a shaft and drop 2 floors!
  1994 | D:4      | Reached skill level 4 in Axes
  2290 | D:4      | Found an opulent altar of Gozag.
  2547 | D:4      | Reached XP level 6. HP: 18/37 MP: 2/6
  2898 | D:5      | Entered Level 5 of the Dungeon
  2918 | D:5      | Reached skill level 5 in Axes
  2977 | D:5      | Reached XP level 7. HP: 20/41 MP: 7/7
  3665 | D:3      | Found a faded altar of an unknown god.
  4137 | D:4      | Reached skill level 6 in Axes
  4440 | D:4      | Reached XP level 8. HP: 48/48 MP: 8/8
  4870 | D:5      | Found Xodate's Armour Shoppe.
  5000 | D:5      | Found Eficukhle's Distillery.
  5008 | D:5      | Bought a potion of heal wounds for 60 gold pieces
  5008 | D:5      | Bought a potion of heal wounds for 60 gold pieces
  5024 | D:5      | Reached skill level 7 in Axes
  5143 | D:5      | Found Faco's Antique Armour Shoppe.
  5417 | D:6      | Reached skill level 5 in Fighting
  5427 | D:6      | Reached skill level 5 in Armour
  5588 | D:6      | Reached skill level 8 in Axes
  5588 | D:6      | Reached XP level 9. HP: 49/54 MP: 7/9
  5817 | D:6      | Noticed Edmund
  5829 | D:6      | Killed Edmund
  6373 | D:7      | Reached skill level 9 in Axes
  6644 | D:7      | Noticed a two-headed ogre
  6664 | D:7      | Killed a two-headed ogre
  6925 | D:7      | Found a staircase to the Ecumenical Temple.
  6942 | Temple   | Entered the Ecumenical Temple
  7217 | Temple   | Became a worshipper of Qazlal Stormbringer
  7243 | D:7      | Reached skill level 10 in Axes
  7243 | D:7      | Reached XP level 10. HP: 46/61 MP: 6/10
  7439 | D:7      | Found a basalt altar of Yredelemnul.
  7571 | D:8      | Noticed a cyan ugly thing
  7597 | D:8      | Killed a cyan ugly thing
  7649 | D:7      | Reached skill level 1 in Invocations
  7968 | D:7      | Reached skill level 1 in Evocations
  8827 | D:10     | Entered Level 10 of the Dungeon
  8827 | D:10     | Noticed Joseph
  8849 | D:8      | Found Zedeck's Assorted Antiques.
  8852 | D:8      | Noticed a boulder beetle
  8865 | D:8      | Killed a boulder beetle
  8865 | D:8      | Reached * piety under Qazlal
  9490 | D:9      | Reached XP level 11. HP: 65/68 MP: 11/13
  9526 | D:9      | Reached skill level 11 in Axes
  9678 | D:9      | Reached ** piety under Qazlal
  9757 | D:10     | Noticed a boulder beetle
  9824 | D:9      | Noticed a manticore
  9834 | D:9      | Noticed a green ugly thing
  9857 | D:9      | Killed a green ugly thing
 10421 | D:9      | Killed a manticore
 10956 | D:9      | Found an ornate altar of the Wu Jian Council.
 10984 | D:9      | Noticed a two-headed ogre
 10992 | D:9      | Killed a two-headed ogre
 10993 | D:9      | Reached skill level 1 in Shields
 11135 | D:9      | Found a hazy altar of Hepliaklqana.
 11338 | D:10     | Killed Joseph
 11479 | D:10     | Noticed Lodul
 11496 | D:10     | Found a shimmering altar of Xom.
 11913 | D:10     | Found a staircase to the Orcish Mines.
 11940 | D:10     | Killed a boulder beetle
 11941 | D:10     | Reached skill level 5 in Invocations
 11980 | D:10     | Killed Lodul
 11981 | D:10     | Reached XP level 12. HP: 41/75 MP: 7/15
 12180 | D:10     | Reached *** piety under Qazlal
 12181 | D:10     | Reached skill level 12 in Axes
 12291 | D:10     | Found a burning altar of Makhleb.
 13256 | D:10     | Found a staircase to the Lair.
 13599 | D:11     | Found a runed translucent gate.
 13600 | D:11     | Found a runed translucent gate.
 13601 | D:11     | Found a runed translucent gate.
 13606 | D:11     | Noticed a two-headed ogre
 13608 | D:11     | Noticed a minotaur
 13608 | D:11     | Noticed a boulder beetle
 13610 | D:11     | Noticed SigmundSlayer's ghost (journeyman DsIE)
 13684 | D:11     | Reached skill level 1 in Stealth
 13685 | D:11     | Reached skill level 5 in Evocations
 14210 | D:12     | Noticed a boulder beetle
 14236 | D:11     | Killed a boulder beetle
 14615 | D:12     | Noticed a four-headed hydra
 14619 | D:12     | Killed a three-headed hydra
 14795 | D:12     | Noticed Snorg
 14812 | D:12     | Killed Snorg
 15134 | D:12     | Noticed SigmundSlayer's ghost (journeyman DsGl)
 15138 | D:12     | Reached XP level 13. HP: 81/81 MP: 18/18
 15164 | D:12     | Reached skill level 10 in Armour
 15262 | D:12     | Found a transporter.
 15274 | D:12     | Found a transporter.
 15283 | D:12     | Found Acyi's Magic Scroll Boutique.
 15287 | D:12     | Bought a scroll of brand weapon for 123 gold pieces
 15287 | D:12     | Bought a scroll of magic mapping for 97 gold pieces
 15287 | D:12     | Bought a scroll of enchant armour for 97 gold pieces
 15435 | D:12     | Noticed Josephine
 15446 | D:12     | Killed Josephine
 15754 | Lair:1   | Entered Level 1 of the Lair of Beasts
 15892 | Orc:1    | Entered Level 1 of the Orcish Mines
 15971 | Orc:1    | Reached skill level 10 in Fighting
 16067 | Orc:1    | Found a burning altar of Makhleb.
 16070 | Orc:1    | Reached skill level 13 in Axes
 16219 | Orc:2    | Entered Level 2 of the Orcish Mines
 16412 | Orc:2    | Reached **** piety under Qazlal
 16438 | Orc:1    | You fall into a shaft and drop 1 floor!
 17467 | Orc:2    | Noticed Erolcha
 17490 | Orc:2    | Killed Erolcha
 18337 | Orc:2    | Found a staircase to the Elven Halls.
 18502 | D:5      | Bought the +12 plate armour "Ucsugeac" {Harm Dex-2 SInv}
                  | for 1080 gold pieces
 19036 | Orc:1    | Reached skill level 5 in Shields
 19330 | Orc:2    | Paralysed by an orc sorcerer for 5 turns
 19336 | Orc:2    | Gained mutation: Your large and strong wings let you fly.
                  | [Gargoyle growth]
 19336 | Orc:2    | Reached XP level 14. HP: 47/88 MP: 9/20
 20650 | Orc:2    | Found Lad Mir's Distillery.
 20655 | Orc:2    | Found Yteull's Magic Scroll Shoppe.
 20662 | Orc:2    | Bought a scroll of enchant weapon for 97 gold pieces
 20662 | Orc:2    | Bought a scroll of enchant weapon for 97 gold pieces
 20664 | Orc:2    | Found Pidghosche's Antique Armour Shoppe.
 20666 | Orc:2    | Found Aseehas's Magic Scroll Shop.
 21157 | Orc:2    | Bought a scroll of blinking for 97 gold pieces
 21828 | D:12     | Killed SigmundSlayer's ghost
 22044 | D:12     | Reached skill level 14 in Axes
 22181 | D:13     | Noticed Kirke
 22196 | D:12     | Noticed a sphinx
 22393 | D:12     | Killed Kirke
 22597 | D:12     | Killed SigmundSlayer's ghost
 23321 | D:13     | Found a gate to the Vaults.
 23483 | D:13     | Noticed an orc warlord
 23514 | D:13     | Killed an orc warlord
 23515 | D:13     | Reached XP level 15. HP: 73/95 MP: 16/22
 23549 | D:13     | Reached ***** piety under Qazlal
 23687 | D:13     | Found Juokkyul's Magic Scroll Shop.
 23693 | D:13     | Bought a scroll of blinking for 105 gold pieces
 23718 | D:13     | Found Gyrr's Magic Scroll Shoppe.
 23914 | D:13     | Identified the +5 whip of the Reaper {protect, *Noise rPois
                  | Int+8 Stlth+}
 23914 | D:13     | Identified the +5 arbalest of the Thoughtful Nights {venom,
                  | rElec rC- Will+ Int+8}
 23914 | D:13     | Identified the +4 plate armour "Tyifo" {Slay+6}
 24162 | D:14     | Reached skill level 10 in Invocations
 24389 | D:14     | Identified the +6 falchion "Dienneeb" {drain, rElec rF+ rC-
                  | rN++}
 24671 | D:14     | Found a bloodstained altar of Trog.
 24815 | D:15     | Entered Level 15 of the Dungeon
 24847 | D:15     | Found a shadowy altar of Dithmenos.
 25063 | D:15     | Reached skill level 1 in Long Blades
 25251 | D:15     | Noticed Azrael
 25263 | D:15     | Killed Azrael
 25571 | D:15     | Reached skill level 15 in Axes
 25590 | D:15     | Found a staircase to the Depths.
 26284 | Lair:1   | You are sucked into a shaft and drop 1 floor!
 27798 | Lair:3   | Reached ****** piety under Qazlal
 27806 | Lair:3   | Found a staircase to the Snake Pit.
 28065 | Lair:3   | Found a staircase to the Swamp.
 28070 | Lair:3   | Reached XP level 16. HP: 101/103 MP: 24/24
 28376 | Lair:4   | Noticed Urug
 28387 | Lair:4   | Killed Urug
 28406 | Lair:4   | Noticed Nessos
 28424 | Lair:4   | Killed Nessos
 28443 | Lair:4   | Noticed Sonja
 28468 | Lair:4   | Killed Sonja
 28796 | Lair:4   | Identified the +2 robe of Impermeability {Str+4}
 28800 | Lair:4   | Found a staircase to the Slime Pits.
 28800 | Lair:4   | Found a viscous altar of Jiyva.
 29155 | Lair:5   | Entered Level 5 of the Lair of Beasts
 30315 | Lair:5   | Found a corrupted altar of Lugonu.
 30315 | Lair:5   | Found a one-way gate to the infinite horrors of the Abyss.
 30678 | Snake:1  | Entered Level 1 of the Snake Pit
 30678 | Snake:1  | Noticed Aizul
 30698 | Snake:1  | Noticed Frances
 30723 | Snake:1  | Killed Frances
 30742 | Snake:1  | Killed Aizul
 30743 | Snake:1  | Reached skill level 10 in Evocations
 31010 | Snake:1  | Found Patases's Magic Scroll Shoppe.
 31012 | Snake:1  | Found Seavogo's Jewellery Emporium.
 31014 | Snake:1  | Found Faeneloi's Armour Shoppe.
 31018 | Snake:1  | Bought a scroll of brand weapon for 104 gold pieces
 31018 | Snake:1  | Bought a scroll of enchant weapon for 82 gold pieces
 31018 | Snake:1  | Bought a scroll of acquirement for 572 gold pieces
 31019 | Snake:1  | Acquired a manual of Axes
 31024 | Snake:1  | Bought a +0 pair of boots for 67 gold pieces
 31051 | Snake:1  | Reached skill level 16 in Axes
 31732 | Snake:2  | Reached XP level 17. HP: 108/108 MP: 25/25
 31774 | Snake:2  | You are sucked into a shaft and drop 1 floor!
 32156 | Snake:3  | Reached skill level 10 in Shields
 32925 | Snake:4  | Entered Level 4 of the Snake Pit
 33488 | Snake:4  | Reached skill level 17 in Axes
 34413 | Snake:4  | Got a serpentine rune of Zot
 34542 | Snake:4  | Found Reac's Jewellery Shop.
 34543 | Snake:4  | Found Boiq Rer's Book Emporium.
 34543 | Snake:4  | Found Vasimaes's Book Emporium.
 35080 | Swamp:1  | Entered Level 1 of the Swamp
 35167 | Lair:3   | Reached XP level 18. HP: 115/115 MP: 27/27
 35816 | Swamp:2  | Reached skill level 18 in Axes
 35901 | Swamp:3  | Reached skill level 5 in Dodging
 35949 | Swamp:3  | Noticed Donald
 35963 | Swamp:3  | Killed Donald
 35991 | Swamp:3  | Found a frozen archway.
 36009 | IceCv    | Entered an ice cave
 36105 | IceCv    | Gained mutation: Your spells are a little easier to cast,
                  | but a little less powerful. [a neqoxec]
 37195 | Swamp:3  | Noticed Mara
 37209 | Swamp:3  | Noticed jlumianski's illusion
 37211 | Swamp:3  | Killed Mara
 37684 | Swamp:4  | Entered Level 4 of the Swamp
 37933 | Swamp:4  | Reached XP level 19. HP: 121/121 MP: 29/29
 38404 | Swamp:4  | Noticed a tentacled monstrosity
 38411 | Swamp:4  | Killed a tentacled monstrosity
 38483 | Swamp:4  | Got a decaying rune of Zot
 38532 | Swamp:4  | Identified the +6 quarterstaff of Mayhem {flame, rC- Will++
                  | SInv Stlth+}
 38888 | Elf:1    | Entered Level 1 of the Elven Halls
 40160 | Elf:2    | Got Sif Muna's Precepts of Electric Malediction
 40194 | Elf:2    | Found a runed translucent gate.
 40195 | Elf:2    | Found a runed translucent gate.
 40196 | Elf:2    | Found a runed translucent gate.
 40531 | Elf:2    | Reached skill level 15 in Armour
 40552 | Elf:2    | Reached skill level 15 in Fighting
 40810 | Elf:3    | Entered Level 3 of the Elven Halls
 41110 | Elf:3    | Reached XP level 20. HP: 129/129 MP: 30/30
 41118 | Abyss:2  | Cast into level 2 of the Abyss (a deep elf demonologist)
 41435 | Elf:3    | Escaped the Abyss
 42198 | Elf:3    | Identified the +1 broad axe "Liux" {drain, rF+ rN+}
 42199 | Abyss:3  | Cast into level 3 of the Abyss (a deep elf sorcerer)
 42210 | Abyss:3  | Noticed a bone dragon
 42228 | Abyss:3  | Killed a bone dragon
 42284 | Abyss:3  | Gained mutation: Your body sometimes deteriorates upon
                  | taking damage. [a neqoxec]
 42353 | Abyss:3  | Paralysed by accursed screaming for 1 turns
 42356 | Abyss:3  | Paralysed by accursed screaming for 1 turns
 42466 | Abyss:3  | Found a corrupted altar of Lugonu.
 42627 | Abyss:3  | Reached skill level 15 in Shields
 42663 | Elf:3    | Escaped the Abyss
 42669 | Elf:3    | Identified the amulet of the Everdark {Faith Int+3}
 42768 | Elf:3    | Killed from afar by a deep elf annihilator

Illustrated notes

Levels and vault maps discovered:
D:1:      roderic_crop_circles_arrival_small, layout_basic, minmay_octomino_c4
D:2:      layout_loops_cross, serial_shops, nicolae_shop_waterfront,
          basic_altar, nicolae_titane
D:3:      layout_basic, shapermc_ecumenical_altar_totnotflames,
          nicolae_shop_vocational
D:4:      layout_cave_pods, nicolae_gozag_cash_rules_everything_around_me
D:5:      layout_cave_pools, serial_shops, nicolae_diamond_shop,
          nicolae_take_the_stairs, nicolae_shop_behind_doors, enter_ossuary_2,
          serial_park_tiny_pond
D:6:      layout_cave_pods, uniq_edmund
D:7:      layout_basic, mainiacjoe_overflow_cross_hatched,
          minmay_temple_entry_slanted
D:8:      layout_rooms, serial_shops, shop_statue
D:9:      minmay_cornered_nines, layout_basic, marbit_many_paths,
          overflow_temple_1_default
D:10:     layout_basic, xom_teletrap_fun, kennysheep_mini, erik_lair_dragon,
          erik_orc_4, uniq_lodul, uniq_joseph
D:11:     layout_big_octagon, maelrawn_ghost_gauntlet_escape
D:12:     minmay_angry_zag, layout_loops_ring, serial_shops, shop,
          gammafunk_ghost_hive, lightli_minifort, uniq_snorg, uniq_josephine
D:13:     layout_basic, david_vaults_2, serial_shops, nicolae_shop_behind_doors,
          shop, minmay_the_grid_2x2 [minmay_the_grid_armoury,
          minmay_the_grid_minigrid_small_alt, minmay_the_grid_paths,
          minmay_the_grid_prize_shrinking_boxes], uniq_kirke
D:14:     layout_loops_ring, bloody_trog
D:15:     grunt_enter_depths_snipers, layout_long_grid, grunt_dithmenos_smoke,
          uniq_azrael
Temple:   eino_temple_scatter_basement
Lair:1:   layout_misc_corridors, serial_bayou_shore_a, grunt_megastairs_5
Lair:2:   layout_chaotic_city, lemuel_fruit_tree, lemuel_fruit_fields
Lair:3:   layout_gridlike, skrybe_swamp_entry_bodies,
          minmay_snake_entry_guardpost_small, beast_lair_carwin_4,
          infiniplex_staircase_pool
Lair:4:   layout_gridlike, minmay_slime_entry_pillars,
          chequers_serial_rivers_large_b, uniq_nessos, uniq_sonja, uniq_urug
Lair:5:   hellmonk_lair_end_abyssal_woods, layout_layer_cave, grunt_megastairs_4
Swamp:1:  layout_falls_marsh, evilmike_swamp_ruin_rubble_1
Swamp:2:  layout_basic_swamp, serial_swamp_ruin, evilmike_swamp_ruin_house_6,
          evilmike_swamp_ruin_house_3, evilmike_swamp_ruin_wall, swamp_pool3
Swamp:3:  layout_basic_swamp, portal_ice_cave_entry_frozen_things,
          nicolae_swamp_little_tower, uniq_mara, uniq_donald
Swamp:4:  swamp_vile, layout_basic_swamp, nicolae_swamp_trees_clearing
Snake:1:  layout_onion, minmay_shop_star, uniq_frances, uniq_aizul
Snake:2:  layout_misc_corridors
Snake:3:  layout_onion, serial_bayou_ford_a
Snake:4:  johnstein_snake_rune_scales, layout_onion, minmay_shop_grove
Orc:1:    layout_caves, serial_shops, roderic_batcave, david_defended_altar_orc
Orc:2:    st_orc_elflike, layout_caves, uniq_erolcha
Elf:1:    layout_gridlike, hangedman_elven_crosses_minicolossus, minivault_23
Elf:2:    nicolae_elf_blades_splatter_lattice [nicolae_blade_bullseye],
          layout_loops_cross, dk_noncrumbling_2,
          nicolae_concentric_dashed_squares_wild
Elf:3:    elf_hall, layout_gridlike, minmay_fountain_box

Skill      XL: |  1  2  3  4  5  6  7  8  9 10 11 12 13 14 15 16 17 18 19 20 |
---------------+-------------------------------------------------------------+-----
Axes           | 3 4 5 6 8 10 11 12 13 14 15 16 17 18 | 18.0
Armour         | 1 2 3 4 5 6 7 8 9 10 11 12 13 14 15 | 15.6
Fighting       | 3 4 5 6 7 8 9 10 11 12 13 14 15 | 15.6
Throwing       | 2 3 4 |  4.3
Dodging        | 3 4 5 7 |  7.9
Invocations    | 2 5 6 8 9 10 11 12 13 14 | 14.8
Evocations     | 2 4 5 7 8 9 10 11 12 | 12.8
Shields        | 2 3 5 7 8 9 11 12 14 15 | 15.1
Stealth        | 1 2 |  2.6
Long Blades    | 1 2 3 |  3.1

Action                   |  1- 3 |  4- 6 |  7- 9 | 10-12 | 13-15 | 16-18 | 19-21 || total
-------------------------+-------+-------+-------+-------+-------+-------+-------++-------
Melee: War axe           |   103 |    84 |   277 |   584 |   356 |       |       ||  1404
       Punch             |       |       |     4 |     4 |       |       |       ||     8
       Scimitar          |       |       |       |     1 |    12 |    35 |    15 ||    63
       Broad axe         |       |       |       |       |   521 |   923 |   571 ||  2015
       Unarmed           |       |       |       |       |     4 |       |       ||     4
Throw: Dart              |       |       |    21 |    20 |     5 |     7 |       ||    53
       Javelin           |       |       |       |     2 |       |       |       ||     2
       Boomerang         |       |       |       |       |       |       |     5 ||     5
Invok: Upheaval          |       |       |       |     1 |     2 |     2 |     1 ||     6
       Elemental Force   |       |       |       |     2 |     3 |     7 |     5 ||    17
Evoke: Wand              |       |       |       |       |       |     1 |       ||     1
       Phantom mirror    |       |       |       |       |       |     1 |       ||     1
  Use: Scroll            |       |     8 |     9 |     6 |    14 |    12 |     1 ||    50
       Potion            |       |     3 |     3 |     3 |     8 |     2 |       ||    19
 Stab: Paralysed         |       |       |       |     3 |       |       |     2 ||     5
Armor: Leather armour    |    20 |       |       |       |       |       |       ||    20
       Chain mail        |    62 |    59 |    45 |       |       |       |       ||   166
       Plate armour      |       |       |   197 |   516 |   648 |   637 |   344 ||  2342
Dodge: Dodged            |    58 |    44 |   109 |   193 |   332 |   223 |   153 ||  1112
       Repelled          |       |       |       |       |     9 |    18 |    12 ||    39
Block: Buckler           |       |       |       |   161 |   309 |       |       ||   470
       Other             |       |       |       |     1 |     2 |       |       ||     3
       Kite shield       |       |       |       |       |   266 |  1112 |   725 ||  2103

Table legend: (Time is in decaauts)
 A = Elapsed time spent in this place.
 B = Non-inter-level travel time spent in this place.
 C = Inter-level travel time spent in this place.
 D = Time resting spent in this place.
 E = Time spent auto-exploring this place.
 F = Levels seen in this place.
 G = Mean time per level.
                   A        B        C        D        E       F      G
               +--------+--------+--------+--------+--------+-----+--------+
         Total |  43067 |  40723 |   2344 |   6506 |  17994 |  37 | 1164.0 |
       Dungeon |  21186 |  19912 |   1274 |   4382 |   8830 |  15 | 1412.4 |
        Temple |    290 |    290 |      0 |      0 |    234 |   1 |  290.0 |
          Lair |   4978 |   4527 |    451 |     63 |   2710 |   5 |  995.6 |
         Swamp |   2886 |   2757 |    129 |     74 |   1297 |   4 |  721.5 |
     Snake Pit |   4174 |   4058 |    116 |     25 |   2113 |   4 | 1043.5 |
  Orcish Mines |   5085 |   4794 |    291 |   1700 |   1409 |   2 | 2542.5 |
   Elven Halls |   3075 |   2994 |     81 |     49 |   1268 |   3 | 1025.0 |
         Abyss |    749 |    749 |      0 |      4 |     27 |   2 |  374.5 |
      Ice Cave |    640 |    640 |      0 |    208 |    105 |   1 |  640.0 |
               +--------+--------+--------+--------+--------+-----+--------+

Top non-repeatable levels by time:
    D:10: 3261 daAuts
   Orc:2: 2691 daAuts
    D:12: 2411 daAuts
   Orc:1: 2394 daAuts
    D:11: 2040 daAuts
     D:4: 1935 daAuts
     D:9: 1923 daAuts
     D:7: 1882 daAuts
 Snake:4: 1846 daAuts
  Lair:5: 1379 daAuts
  Lair:3: 1183 daAuts
   Elf:3: 1104 daAuts
   Elf:2: 1061 daAuts
    D:15: 1037 daAuts
     D:2: 1018 daAuts
